 Dungeon Crawl Stone Soup version 0.26-a0-1107-g6118521029 (webtiles) character file.

Game seed: 17584333649045727963

927 tilp the Changer (level 8, -3/52 HPs)
             Began as an Octopode Transmuter on Dec 16, 2020.
             Splashed by a jelly's acid (8 damage)
             ... on level 5 of the Dungeon.
             The game lasted 00:11:44 (8549 turns).

tilp the Changer (Octopode Transmuter)              Turns: 8549, Time: 00:11:44

Health: -3/52      AC: -7    Str:  9    XL:     8   Next: 10%
Magic:  14/14      EV: 13    Int: 17    God:
Gold:   225        SH:  0    Dex: 13    Spells: 5/15 levels left

rFire    . . .     SeeInvis .     - Unarmed
rCold    . . .     Faith    .   (no shield)
rNeg     . . .     Spirit   .   (helmet currently unavailable)
rPois    .         Reflect  .   (no amulet)
rElec    .         Harm     .   (no ring)
rCorr    .         Rampage  .   (no ring)
Will     .....                  (no ring)
Stlth    ++........             (no ring)
HPRegen  0.17/turn              (no ring)
MPRegen  0.14/turn              (no ring)
                                (no ring)
                                (no ring)

@: confused, lethally poisoned (-3 -> -7), appendages, corroded
A: almost no armour, stealthy swim, amphibious, 8 rings, constrict 8, tentacle
spike 3, camouflage 1, gelatinous body 1
a: End Transformation


You were on level 5 of the Dungeon.
One of your tentacles had a temporary spike.
You visited 1 branch of the dungeon, and saw 5 of its levels.

You collected 225 gold pieces.

Inventory:

Missiles
 b - 181 stones
 q - 13 poisoned darts (quivered)
 s - 6 curare-tipped darts
 B - 3 boomerangs
Jewellery
 d - an uncursed ring of resist corrosion {unknown}
 e - a cursed ring of teleportation {unknown}
 i - a cursed ring of teleportation {unknown}
 x - an uncursed ring of protection from fire
 A - an uncursed ring of resist corrosion {unknown}
Wands
 p - a wand of iceblast (6)
 y - a wand of polymorph (2)
Scrolls
 a - 2 scrolls of fog
 c - a scroll of remove curse {unknown}
 h - 3 scrolls of teleportation
 j - a scroll of fear
 k - a scroll of enchant armour {unknown}
 m - a scroll of enchant weapon {unknown}
 t - a scroll of random uselessness {unknown}
 v - a scroll of magic mapping
 z - a scroll of amnesia
Potions
 f - a potion of magic
 l - a potion of haste
 n - a potion of berserk rage {unknown}
 o - a potion of attraction {unknown}
 r - a potion of cancellation {unknown}
 u - 2 potions of flight {unknown}
 w - a potion of curing {unknown}
 C - a potion of heal wounds {unknown}


   Skills:
 + Level 3.4 Fighting
 - Level 2.0 Dodging
 - Level 4.0 Stealth
 - Level 3.0 Unarmed Combat
 - Level 4.0 Spellcasting
 - Level 6.0 Transmutations
 - Level 2.0 Poison Magic
 + Level 2.9 Evocations


You had 5 spell levels left.
You knew the following spells:

 Your Spells              Type           Power        Failure   Level
a - Beastly Appendage     Tmut           ###...       1%          1
b - Wereblood             Tmut           ###.....     1%          2
c - Spider Form           Tmut/Pois      ###.......   9%          3
d - Ice Form              Ice/Tmut       ##......     41%         4

Your spell library contained the following spells:

 Spells                   Type           Power        Failure   Level
 Blade Hands              Tmut           ###.......   36%         5


Dungeon Overview and Level Annotations

Branches:
Dungeon (5/15)
 Temple: D:4-7

Altars:


Innate Abilities, Weirdness & Mutations

You cannot wear most types of armour.
You are very stealthy in the water. (Stealth+)
You are amphibious.
You can wear up to eight rings at the same time.
You can use your tentacles to constrict eight enemies at once.
Your skin changes colour to match your surroundings (Stealth+).
Your rubbery body absorbs attacks. (AC +1, EV +1)
One of your tentacles bears a large vicious spike.


Message History

The jelly is almost dead.
You feel sick. The jelly hits you.
* * * LOW HITPOINT WARNING * * *
You are splashed with acid!
* * * LOW HITPOINT WARNING * * *
* * * LOW HITPOINT WARNING * * *
You feel sick.
* * * LOW HITPOINT WARNING * * *
You feel sick.
You are confused.
You feel invigorated.
You feel sick. The jelly hits you but does no damage. The jelly hits you.
* * * LOW HITPOINT WARNING * * *
The acid corrodes you!
You are splashed with acid!
* * * LOW HITPOINT WARNING * * *
Unknown command.
You feel sick. The jelly hits you.
* * * LOW HITPOINT WARNING * * *
The acid corrodes you!
You are splashed with acid!
You die...

##. ###
###...
##.##......
..........
####.........
#............
#.@J.........
#....<.......
##...........
##..##......
#...#####..
##..# # ####


You could see a jelly.

Vanquished Creatures
  An ogre (D:4)
  A big kobold (D:3)
  5 orc priests
  6 orc wizards
  A hound (D:4)
  An iguana (D:4)
  Natasha (thrice) (D:4)
  4 worker ants (D:4)
  Robin (D:2)
  6 adders
  A white imp (D:5)
  An ooze (D:1)
  2 adder skeletons (D:4)
  5 worms
  A dart slug (D:2)
  3 leopard geckos
  19 orcs
  5 bats
  2 giant cockroaches
  8 hobgoblins
  11 jackals
  3 quokkas
  A ball python (D:2)
  5 frilled lizards
  23 goblins
  14 kobolds
  A leopard gecko skeleton (D:4)
  A quokka zombie (D:5)
  6 rats
141 creatures vanquished.

Notes
Turn   | Place    | Note
-------+----------+-------------------------------------------
     0 | D:1      | tilp the Octopode Transmuter began the quest for the Orb.
     0 | D:1      | Reached XP level 1. HP: 13/13 MP: 3/3
   448 | D:1      | Reached XP level 2. HP: 12/18 MP: 3/5
   452 | D:1      | Learned a level 2 spell: Wereblood
   786 | D:1      | Reached skill level 3 in Transmutations
  1175 | D:2      | Noticed Robin
  1866 | D:1      | Reached XP level 3. HP: 9/23 MP: 3/6
  2087 | D:1      | HP: 1/23 [worm (8)]
  2728 | D:2      | Reached skill level 4 in Transmutations
  2741 | D:2      | Reached skill level 1 in Stealth
  2741 | D:2      | Reached XP level 4. HP: 8/28 MP: 5/7
  2748 | D:2      | Killed Robin
  3813 | D:3      | Learned a level 3 spell: Spider Form
  4729 | D:3      | Reached XP level 5. HP: 31/34 MP: 8/8
  4775 | D:3      | Reached skill level 1 in Poison Magic
  5451 | D:3      | Reached XP level 6. HP: 32/39 MP: 9/9
  5937 | D:3      | Found a faded altar of an unknown god.
  6386 | D:4      | Noticed Natasha
  6396 | D:4      | Killed Natasha
  6397 | D:4      | Reached skill level 5 in Transmutations
  6620 | D:4      | Reached XP level 7. HP: 43/45 MP: 10/12
  7079 | D:4      | Reached skill level 6 in Transmutations
  7079 | D:4      | Reached skill level 1 in Evocations
  7135 | D:4      | Noticed Natasha
  7140 | D:4      | Killed Natasha
  7614 | D:4      | Noticed Natasha
  7620 | D:4      | Killed Natasha
  7654 | D:4      | Reached XP level 8. HP: 46/52 MP: 12/14
  8105 | D:4      | Learned a level 4 spell: Ice Form
  8135 | D:5      | Entered Level 5 of the Dungeon
  8549 | D:5      | Splashed by a jelly's acid

Illustrated notes

Levels and vault maps discovered:
D:1:      psy_arrival_fountain, layout_basic
D:2:      layout_rooms, uniq_robin
D:3:      cheibrodos_thug_alley, layout_basic,
          chequers_ecumenical_altar_simple_redux
D:4:      layout_basic, uniq_natasha
D:5:      layout_cave_pools, serial_shops, shop_fountains,
          uniq_crazy_yiuf_cottage

Skill      XL: |  1  2  3  4  5  6  7 |
---------------+----------------------+-----
Transmutations | 3 4 5 6 |  6.0
Stealth        | 1 3 4 |  4.0
Fighting       | 2 3 |  3.4
Poison Magic   | 1 2 |  2.0
Spellcasting   | 3 4 |  4.0
Evocations     | 2 |  2.9
Dodging        | |  2.0
Unarmed Combat | |  3.0

Action                   |  1- 3 |  4- 6 |  7- 9 || total
-------------------------+-------+-------+-------++-------
Melee: Unarmed           |    64 |   170 |   105 ||   339
       Constrict         |    17 |    53 |    33 ||   103
       Kick              |    11 |    43 |    33 ||    87
       Tentacles         |     6 |    23 |    19 ||    48
       Punch             |     2 |     3 |     1 ||     6
Throw: Stone             |     2 |     4 |       ||     6
       Dart              |       |     2 |    31 ||    33
 Cast: Beastly Appendage |    22 |    33 |    20 ||    75
       Wereblood         |     1 |     5 |     3 ||     9
  Use: Scroll            |     1 |     4 |     4 ||     9
       Potion            |       |       |     1 ||     1
 Stab: Sleeping          |     1 |    10 |     2 ||    13
Armor: Skin              |     3 |     3 |     5 ||    11
Dodge: Dodged            |    47 |   100 |    59 ||   206

Table legend: (Time is in decaauts)
 A = Elapsed time spent in this place.
 B = Non-inter-level travel time spent in this place.
 C = Inter-level travel time spent in this place.
 D = Time resting spent in this place.
 E = Time spent auto-exploring this place.
 F = Levels seen in this place.
 G = Mean time per level.
                   A        B        C        D        E       F      G
               +--------+--------+--------+--------+--------+-----+--------+
         Total |   8547 |   8006 |    541 |   3450 |   3443 |   5 | 1709.4 |
       Dungeon |   8547 |   8006 |    541 |   3450 |   3443 |   5 | 1709.4 |
               +--------+--------+--------+--------+--------+-----+--------+

Top non-repeatable levels by time:
     D:1: 2496 daAuts
     D:4: 2146 daAuts
     D:3: 2046 daAuts
     D:2: 1812 daAuts
     D:5: 46 daAuts
